General information
- name: BNet
- type: Ladder team game (AT/RT)
- host: Battle.net
- saver: LivingStrong
map: RiverOfSouls
- players: 6
- length: 10:59
- speed: Fast
- version: 1.24 W3XP
- replay type: Public
» download(78 KB)
Players
team 1 (winner)
LEI- (
purple | 77 APM | 845 actions | 10:58)
4 Death Knight
2 Death Coil
2 Unholy Aura
1 Lich
1 Frost Nova
» actions
| Assign group hotkey | 24 | |
| Basic commands | 55 | |
| Build / train | 36 | |
| Enter build submenu | 14 | |
| Enter hero's abilities submenu | 5 | |
| Remove unit from queue | 1 | |
| Right click | 453 | |
| Select / deselect | 114 | |
| Select group hotkey | 111 | |
| Use ability | 32 | |
845 total
» units
| Acolyte | 2 | |
| Ghoul | 2 | |
| Crypt Fiend | 8 | |
12 total
» upgrades
| Creature Attack | 2 | |
| Creature Carapace | 2 | |
| Burrow | 1 | |
| Web | 1 | |
6 total
» buildings
| Graveyard | 1 | |
| Crypt | 1 | |
| Altar of Darkness | 1 | |
| Ziggurat | 5 | |
| Tomb of Relics | 1 | |
| Nerubian Tower | 1 | |
| Halls of the Dead | 1 | |
| Black Citadel | 2 | |
| Sacrificial Pit | 1 | |
| Boneyard | 2 | |
16 total
» build order
00:14 Graveyard
00:21 Crypt
00:27 Altar of Darkness
00:33 Ziggurat
00:48 Tomb of Relics
01:12 Ziggurat
01:28 Nerubian Tower
03:45 Halls of the Dead
03:49 Ziggurat
05:43 Ziggurat
07:16 Black Citadel
07:16 Black Citadel
07:44 Sacrificial Pit
09:20 Ziggurat
10:33 Boneyard
10:41 Boneyard
» items
| Rod of Necromancy | 3 | |
| Dust of Appearance | 1 | |
| Potion of Mana | 1 | |
5 total
LivingStrong (
green | 103 APM | 1130 actions | 10:59)
4 Keeper of the Grove
3 Entangling Roots
1 Thorns Aura
» actions
| Assign group hotkey | 39 | |
| Basic commands | 8 | |
| Build / train | 45 | |
| Enter build submenu | 10 | |
| Enter hero's abilities submenu | 5 | |
| Remove unit from queue | 5 | |
| Right click | 668 | |
| Select / deselect | 106 | |
| Select group hotkey | 219 | |
| Use ability | 25 | |
1130 total
» units
» upgrades
| Strength of the Moon | 1 | |
| Moon Armor | 1 | |
2 total
» buildings
| Altar of Elders | 1 | |
| Moon Well | 4 | |
| Hunter's Hall | 1 | |
| Ancient of War | 2 | |
| Tree of Ages | 1 | |
9 total
» build order
00:06 Altar of Elders
00:17 Moon Well
02:03 Hunter's Hall
02:05 Ancient of War
02:08 Ancient of War
02:17 Moon Well
03:31 Moon Well
04:55 Moon Well
09:31 Tree of Ages
» items
TheyCallMeGreat (
yellow | 102 APM | 1116 actions | 10:58)
3 Priestess of the Moon
1 Searing Arrows
2 Trueshot Aura
» actions
| Assign group hotkey | 256 | |
| Basic commands | 148 | |
| Build / train | 55 | |
| Enter build submenu | 11 | |
| Enter hero's abilities submenu | 3 | |
| Right click | 420 | |
| Select / deselect | 154 | |
| Select group hotkey | 39 | |
| Use ability | 30 | |
1116 total
» units
» upgrades
| Strength of the Moon | 1 | |
| Moon Armor | 1 | |
2 total
» buildings
| Altar of Elders | 1 | |
| Moon Well | 4 | |
| Hunter's Hall | 1 | |
| Ancient of War | 3 | |
| Tree of Life | 1 | |
10 total
» build order
00:06 Altar of Elders
00:08 Moon Well
01:43 Hunter's Hall
02:02 Ancient of War
02:19 Ancient of War
02:32 Moon Well
04:16 Moon Well
04:51 Moon Well
07:22 Ancient of War
09:31 Tree of Life
team 2 (loser)
CoLoRADo_16 (
orange | 41 APM | 442 actions | 10:46)
2 Death Knight
1 Death Coil
1 Unholy Aura
1 Lich
1 Frost Nova
» actions
| Build / train | 31 | |
| Enter build submenu | 10 | |
| Enter hero's abilities submenu | 3 | |
| Remove unit from queue | 2 | |
| Right click | 236 | |
| Select / deselect | 134 | |
| Use ability | 26 | |
442 total
» units
| Acolyte | 2 | |
| Ghoul | 2 | |
| Crypt Fiend | 11 | |
15 total
» upgrades
| Creature Attack | 1 | |
| Burrow | 1 | |
| Web | 1 | |
3 total
» buildings
| Crypt | 1 | |
| Graveyard | 1 | |
| Ziggurat | 4 | |
| Altar of Darkness | 2 | |
| Tomb of Relics | 1 | |
| Nerubian Tower | 1 | |
| Halls of the Dead | 1 | |
| Spirit Tower | 2 | |
| Black Citadel | 1 | |
| Sacrificial Pit | 1 | |
15 total
» build order
00:10 Crypt
00:12 Graveyard
00:41 Ziggurat
00:59 Altar of Darkness
01:02 Altar of Darkness
01:28 Ziggurat
01:48 Tomb of Relics
02:43 Nerubian Tower
04:00 Ziggurat
04:28 Halls of the Dead
06:40 Ziggurat
07:45 Spirit Tower
08:05 Spirit Tower
08:57 Black Citadel
09:11 Sacrificial Pit
» items
KINGLEGEND (
teal | 84 APM | 908 actions | 10:51)
2 Priestess of the Moon
1 Searing Arrows
1 Trueshot Aura
» actions
| Assign group hotkey | 13 | |
| Basic commands | 90 | |
| Build / train | 26 | |
| ESC pressed | 1 | |
| Enter build submenu | 15 | |
| Enter hero's abilities submenu | 2 | |
| Right click | 332 | |
| Select / deselect | 102 | |
| Select group hotkey | 310 | |
| Use ability | 17 | |
908 total
» units
» upgrades
» buildings
| Altar of Elders | 1 | |
| Moon Well | 5 | |
| Ancient of War | 2 | |
| Hunter's Hall | 1 | |
| Tree of Ages | 2 | |
| Ancient of Lore | 2 | |
| Ancient Protector | 2 | |
15 total
» build order
00:08 Altar of Elders
00:20 Moon Well
01:55 Ancient of War
01:59 Hunter's Hall
02:12 Moon Well
02:52 Moon Well
03:09 Moon Well
04:19 Tree of Ages
04:20 Tree of Ages
06:50 Ancient of Lore
06:53 Ancient of Lore
07:27 Moon Well
07:48 Ancient Protector
07:54 Ancient Protector
ORC-BASH-73 (
pink | 88 APM | 962 actions | 10:57)
2 Tauren Chieftain
1 War Stomp
1 Endurance Aura
» actions
| Assign group hotkey | 21 | |
| Basic commands | 5 | |
| Build / train | 31 | |
| ESC pressed | 1 | |
| Enter build submenu | 12 | |
| Enter hero's abilities submenu | 2 | |
| Right click | 425 | |
| Select / deselect | 139 | |
| Select group hotkey | 302 | |
| Use ability | 24 | |
962 total
» units
| Peon | 9 | |
| Troll Headhunter/Berserker | 15 | |
24 total
» upgrades
» buildings
| Altar of Storms | 1 | |
| Orc Burrow | 5 | |
| War Mill | 1 | |
| Barracks | 2 | |
| Voodoo Lounge | 1 | |
| Watch Tower | 2 | |
| Stronghold | 1 | |
13 total
» build order
00:12 Altar of Storms
00:22 Orc Burrow
01:40 War Mill
01:44 Barracks
01:54 Barracks
02:02 Orc Burrow
02:20 Orc Burrow
03:40 Orc Burrow
04:40 Voodoo Lounge
07:17 Watch Tower
07:19 Watch Tower
08:01 Stronghold
09:19 Orc Burrow
» items
| Healing Salve | 1 | |
| Scroll of Speed | 1 | |
2 total
Chat log
(00:08 / All) LivingStrong: hi hacker trash
(00:14 / All) KINGLEGEND: ME?
(00:15 / All) CoLoRADo_16: lol?
(00:18 / All) TheyCallMeGreat: LOL PLZ DONT TINKER RUSH
(00:18 / All) KINGLEGEND: what
(00:20 / All) LivingStrong: no orc bash
(00:29 / All) TheyCallMeGreat: LOL BASHY
(00:31 / All) KINGLEGEND: im better then hacking garbage
(00:32 / All) KINGLEGEND: i hear you mh
(00:33 / All) LivingStrong: NOT YOU
(00:36 / All) KINGLEGEND: that true?
(00:37 / All) TheyCallMeGreat: I HEAR UR BAD TEAL
(00:37 / All) LivingStrong: orc bash say i mapachki
(00:40 / All) LivingStrong: so i say he maphack :)
(00:43 / All) KINGLEGEND: theyCallmeKING
(00:47 / All) ORC-BASH-73: we have replay =/
(00:48 / All) ORC-BASH-73: :(
(00:51 / All) LivingStrong: I already posted it
(00:52 / All) LivingStrong: noob.
(00:55 / All) LivingStrong: i named it
(00:56 / All) TheyCallMeGreat: <--- mhs
(01:02 / All) LivingStrong: "3v3 ggmf trash down mirror"
(01:12 / All) TheyCallMeGreat: IS THAT WEWT LOL
(01:23 / All) LivingStrong: and what is ggmf trash going to do today?
(01:26 / All) TheyCallMeGreat: I BET THATS WEWT NOOBY ASS
(01:30 / All) LivingStrong: how many freewins do we get today?
(01:37 / All) TheyCallMeGreat: they mass 3s so about
(01:39 / All) TheyCallMeGreat: 100
(01:48 / All) LivingStrong: u play us 100 times u probably win 2
(01:50 / All) LivingStrong: MAYBE.
(01:53 / All) TheyCallMeGreat: maybe
(01:54 / All) LivingStrong: and thats if one of us drops
(01:56 / All) TheyCallMeGreat: not evenn
(02:01 / All) KINGLEGEND: i never played you
(02:03 / All) KINGLEGEND: learn your role
(02:10 / All) TheyCallMeGreat: sit the fuck down and get raped
(02:15 / All) CoLoRADo_16: k tough guy
(02:19 / All) LivingStrong: WAY TOO MUCH TALKING
(02:20 / Allies) LivingStrong: LOL
(02:22 / Allies) LivingStrong: I TALKED TO MUCH
(02:24 / Allies) LivingStrong: HAD 225 WOOD
(02:25 / Allies) LivingStrong: BEFORE I BUILT
(02:26 / Allies) LivingStrong: LOL
(02:39 / Allies) LivingStrong: IM SORRY
(02:40 / Allies) LivingStrong: IFWE LOSE MY FAULT
(02:44 / Allies) TheyCallMeGreat: bad
(02:50 / Allies) TheyCallMeGreat: ;lolol
(02:55 / All) LivingStrong: cute base faggot
(03:08 / Allies) TheyCallMeGreat: be
(03:09 / Allies) TheyCallMeGreat: fast
(03:10 / Allies) TheyCallMeGreat: with ent
(03:21 / Allies) TheyCallMeGreat: FAIL
(03:21 / Allies) LivingStrong: :o
(03:24 / Allies) TheyCallMeGreat: NOOB
(03:27 / All) ORC-BASH-73: not today
(03:29 / All) ORC-BASH-73: sry
(03:54 / Allies) LivingStrong: damn
(03:54 / Allies) TheyCallMeGreat: b
(04:01 / Allies) LivingStrong: my fault!
(04:11 / Allies) LivingStrong: iuts ok
(04:12 / Allies) TheyCallMeGreat: trash
(04:14 / Allies) LivingStrong: :(
(04:19 / Allies) TheyCallMeGreat: <3
(04:29 / Allies) LivingStrong: i have 4 hunts u have 2
(04:30 / Allies) LivingStrong: i win
(04:30 / Allies) LivingStrong: lol
(04:33 / Allies) TheyCallMeGreat: i have
(04:33 / Allies) TheyCallMeGreat: 4
(04:36 / Allies) LivingStrong: NOW U DO
(04:39 / Allies) LivingStrong: SLOWPOKE
(05:05 / Allies) TheyCallMeGreat: they team creep?
(05:08 / Allies) LivingStrong: idk
(05:25 / Allies) TheyCallMeGreat: LOL
(05:26 / Allies) TheyCallMeGreat: TEAM
(05:27 / Allies) TheyCallMeGreat: CREPE
(05:34 / Allies) LivingStrong: i harass teal
(05:36 / All) TheyCallMeGreat: team creep ftw
(05:47 / Allies) LivingStrong: teching
(05:50 / Allies) TheyCallMeGreat: they
(05:50 / Allies) TheyCallMeGreat: hitting
(05:53 / Allies) LivingStrong: k
(06:00 / Allies) LEI-: wtf
(06:00 / All) KINGLEGEND: D
(06:00 / All) ORC-BASH-73: D
(06:01 / All) ORC-BASH-73: D
(06:01 / All) KINGLEGEND: D
(06:04 / Allies) LivingStrong: ready?
(06:06 / Allies) LivingStrong: how we lose
(06:10 / Allies) LivingStrong: GO PURPLE
(06:11 / Allies) TheyCallMeGreat: nvm
(06:16 / All) ORC-BASH-73: D
(06:16 / All) ORC-BASH-73: D
(06:17 / All) ORC-BASH-73: D
(06:49 / All) TheyCallMeGreat: bye
(06:53 / All) TheyCallMeGreat: Trash
(06:58 / All) LivingStrong: stomped
(07:14 / All) TheyCallMeGreat: LOL@ORANGE
(07:16 / All) LivingStrong: nice 1 fiend LOL
(07:27 / Allies) LivingStrong: ima heal
(07:28 / Allies) LivingStrong: mana
(07:31 / Allies) TheyCallMeGreat: no
(07:32 / Allies) TheyCallMeGreat: heal
(07:33 / Allies) TheyCallMeGreat: come
(07:33 / Allies) TheyCallMeGreat: now
(07:36 / Allies) LivingStrong: ill get staff
(07:37 / All) CoLoRADo_16: congrats u won a game?
(07:42 / All) TheyCallMeGreat: u guys got stompped
(07:43 / All) TheyCallMeGreat: LOL
(07:45 / All) TheyCallMeGreat: KING LEGEND MY ASS
(07:47 / All) TheyCallMeGreat: KING NOOB
(07:48 / All) TheyCallMeGreat: FTW
(07:49 / All) TheyCallMeGreat: GTFO
(08:03 / All) CoLoRADo_16: i remember when i chirped on the internet to feel good about myself
(08:08 / Allies) LEI-: i lagged no where..
(08:11 / All) LivingStrong: how do u guys keep playing?
(08:12 / All) LivingStrong: like
(08:16 / All) LivingStrong: if i lost every game i played
(08:17 / All) LivingStrong: i would qiut
(08:38 / All) LivingStrong: u guys should only at with zepp on the team
(08:41 / All) LivingStrong: hes the only decent one ahaha
(08:46 / All) TheyCallMeGreat: yea
(08:53 / Allies) LivingStrong: hall
(08:58 / All) TheyCallMeGreat: u guys cant even micro
(08:59 / All) TheyCallMeGreat: :/
(09:03 / All) LivingStrong: yeah sac
(09:03 / All) KINGLEGEND: ...
(09:05 / All) KINGLEGEND: lmfao
(09:10 / Allies) LivingStrong: altar next
(09:20 / Allies) TheyCallMeGreat: next
(09:21 / Allies) TheyCallMeGreat: base
(09:21 / Allies) LivingStrong: hes gonna have towers
(09:21 / Allies) TheyCallMeGreat: plox
(09:22 / Allies) LivingStrong: :o
(09:27 / Allies) LivingStrong: hes got good burrows too
(09:41 / Allies) TheyCallMeGreat: lol
(09:42 / All) LivingStrong: yeah lets tower and delay it
(09:45 / Allies) TheyCallMeGreat: thats a good
(09:46 / Allies) TheyCallMeGreat: game
(09:49 / Allies) TheyCallMeGreat: base*
(10:01 / All) LivingStrong: nice lich
(10:21 / All) LivingStrong: wtf are u doing orc bash
(10:24 / All) LivingStrong: you stay behind hunts retard
(10:30 / All) LivingStrong: you dont run into the middle of the hunts
(10:31 / All) KINGLEGEND: lol
(10:33 / All) ORC-BASH-73: like it matters?
(10:38 / All) KINGLEGEND: its okay hes bad =P
(10:39 / All) LivingStrong: yes sort of
(10:39 / All) LivingStrong: LOL
(10:44 / All) LivingStrong: its the diff between win and lose
(10:44 / All) ORC-BASH-73: bro its over
(10:46 / All) LivingStrong: so it kinda matters
(10:47 / All) ORC-BASH-73: it dont matter
(10:48 / All) LivingStrong: stupid noob
(10:50 / All) ORC-BASH-73: teal
(10:51 / All) LivingStrong: hack more
(10:52 / All) ORC-BASH-73: Teched
(10:53 / All) LivingStrong: lose harder
(10:54 / All) ORC-BASH-73: and lost
(10:56 / All) ORC-BASH-73: us the game